 Dungeon Crawl Stone Soup version 0.28.0-47-ge53b351184 (webtiles) character file.

Game seed: 16864711122817817562

163 issech the Shield-Bearer (level 5, 0/52 HPs)
             Began as a Troll Fighter on May 3, 2022.
             Slain by an orc wizard
             ... wielding a +0 dagger
              (3 damage)
             ... on level 3 of the Dungeon.
             The game lasted 00:07:28 (1708 turns).

issech the Shield-Bearer (Troll Fighter)            Turns: 1708, Time: 00:07:28

Health: 0/52       AC:  4    Str: 24    XL:     5   Next: 20%
Magic:  4/4        EV:  9    Int:  4    God:
Gold:   58         SH:  8    Dex: 11    Spells: 4/4 levels left

rFire   . . .      SeeInvis .   t - +1 dagger (venom)
rCold   . . .      Faith    .   c - +0 kite shield
rNeg    . . .      Spirit   .   b - +0 robe
rPois   +          Reflect  .   (helmet restricted)
rElec   .          Harm     .   (no cloak)
rCorr   +          Rampage  .   (gloves unavailable)
Will    .....                   (boots unavailable)
Stlth   +.........              (no amulet)
HPRegen 0.97/turn               j - ring of poison resistance
MPRegen 0.09/turn               e - ring of resist corrosion

@: no status effects
A: large, unfitting armour, claws 3, regeneration 1, shaggy fur 1, tough skin 1
a: no special abilities


You were on level 3 of the Dungeon.
You visited 1 branch of the dungeon, and saw 3 of its levels.

You collected 58 gold pieces.

Inventory:

Hand Weapons
 a - a +0 flail
 t - a +1 dagger of venom (weapon)
 u - a +1 whip of electrocution
Missiles
 g - 55 arrows
 k - 32 stones (quivered)
 l - 2 poisoned darts
 m - 12 sling bullets
 o - 27 bolts
 r - 4 boomerangs
Armour
 b - a +0 robe (worn)
 c - a +0 kite shield (worn)
Jewellery
 e - a ring of resist corrosion (right claw)
 j - a ring of poison resistance (left claw)
Scrolls
 f - a scroll of identify {unknown}
 q - 2 scrolls of teleportation {unknown}
 s - 2 scrolls of fear {unknown}
 v - a scroll of enchant armour {unknown}
Potions
 d - a potion of might
 h - 3 potions of curing {unknown}
 i - a potion of berserk rage {unknown}
 n - 2 potions of haste {unknown}
 p - 3 potions of degeneration {unknown}


   Skills:
 + Level 2.9 Fighting
 + Level 3.1 Maces & Flails
 + Level 0.2 Throwing
 + Level 3.1 Dodging
 + Level 0.1 Stealth
 + Level 3.2 Shields
 + Level 0.1 Unarmed Combat


You had 4 spell levels left.
You didn't know any spells.
Your spell library was empty.

Dungeon Overview and Level Annotations

Branches:
Dungeon (3/15)

Altars:

Shops:
D:2 =


Innate Abilities, Weirdness & Mutations

You are too large for most types of armour.
You have claws for hands.
Your natural rate of healing is unusually fast.
You are covered in fur. (AC +1)
You have tough skin. (AC +1)


Message History

Something hits you but does no damage.
You barely miss the orc priest.
The orc priest is heavily wounded.
The orc priest hits you with a +0 short sword.
Something hits you but does no damage.
You hit the orc priest but do no damage.
The orc priest is heavily wounded.
The orc priest barely misses you. Something hits you.
You hit the orc priest but do no damage.
The orc priest looks even sicker.
The orc priest is heavily wounded.
The orc priest barely misses you. Something hits you.
You closely miss something.
The orc priest hits you but does no damage.
Something hits you.
You barely miss something. You block the orc priest's attack.
Something hits you.
You barely miss something.
The orc priest invokes the aid of Beogh against you.
Beogh smites you! Something hits you but does no damage.
You hit something. The orc priest misses you. You block something's attack.
The orc priest hits you with a +0 short sword.
* * * LOW HITPOINT WARNING * * *
You hit the orc priest.
The orc priest looks even sicker.
The orc priest is almost dead.
Something hits you but does no damage. You block the orc priest's attack.
Something hits you.
* * * LOW HITPOINT WARNING * * *
You closely miss the orc priest.
The orc priest is almost dead.
The orc priest hits you with a +0 short sword.
* * * LOW HITPOINT WARNING * * *
You hear some strange, mumbled words.
A puff of flame appears from out of thin air!
The puff of flame hits you!
* * * LOW HITPOINT WARNING * * *
You hit the orc priest.
You kill the orc priest!
Something hits you.
You die...

####### #####
#.....#
#@).###.###.######
#){.....# #.......
#...##### ########
##.## #.. ####


There were no monsters in sight!

Vanquished Creatures
  An orc priest (D:3)
  Jessica (D:2)
  An orc wizard (D:3)
  Natasha (twice) (D:2 D:1)
  2 adders
  A worm (D:3)
  3 dart slugs
  8 ball pythons
  2 bats
  2 endoplasms
  4 goblins
  4 hobgoblins
  7 kobolds
  A quokka (D:1)
  A frilled lizard (D:2)
  3 rats
43 creatures vanquished.

Notes
Turn   | Place    | Note
-------+----------+-------------------------------------------
     0 | D:1      | issech the Troll Fighter began the quest for the Orb.
     0 | D:1      | Reached XP level 1. HP: 22/22 MP: 0/0
   143 | D:1      | Reached XP level 2. HP: 29/29 MP: 1/1
   581 | D:2      | Noticed Natasha
   590 | D:2      | Noticed a crimson imp
   594 | D:2      | Noticed a crimson imp
   616 | D:1      | Reached XP level 3. HP: 30/36 MP: 2/2
   677 | D:2      | Found Mowaibba's Jewellery Boutique.
   892 | D:2      | Killed Natasha
   902 | D:2      | Noticed Natasha
   951 | D:1      | Killed Natasha
   952 | D:1      | Reached XP level 4. HP: 37/44 MP: 3/3
  1244 | D:2      | Noticed Jessica
  1257 | D:2      | Killed Jessica
  1466 | D:2      | Found a faded altar of an unknown god.
  1684 | D:3      | Reached XP level 5. HP: 52/52 MP: 4/4
  1707 | D:3      | HP: 2/52 [something/puff of flame (10)]
  1708 | D:3      | Slain by an orc wizard

Illustrated notes

Levels and vault maps discovered:
D:1:      minmay_arrival_open_corners, layout_rooms
D:2:      layout_basic, serial_shops, nicolae_shop_waterfront,
          shapermc_ecumenical_altar_pompeii, uniq_natasha, uniq_jessica
D:3:      layout_loops_cross, nicolae_tso_besieged_by_evil,
          gammafunk_ghost_smash, serial_shops, shop

Skill      XL: |  1  2  3  4 |
---------------+-------------+-----
Maces & Flails | 2 3 |  3.1
Shields        | 3 |  3.2
Dodging        | 3 |  3.1
Fighting       | |  2.9
Throwing       | |  0.2
Stealth        | |  0.1
Unarmed Combat | |  0.1

Action                   |  1- 3 |  4- 6 || total
-------------------------+-------+-------++-------
Melee: Flail             |   104 |    15 ||   119
       Unarmed           |     2 |       ||     2
       Dagger            |       |    38 ||    38
Throw: Dart              |     2 |       ||     2
       Stone             |     1 |       ||     1
Armor: Robe              |    54 |    13 ||    67
Dodge: Dodged            |    64 |    17 ||    81
Block: Kite shield       |    42 |    16 ||    58
